 Dungeon Crawl Stone Soup version 0.18-a0-1197-g8004e50 (webtiles) character file.

4754 Duffy the Grappler (level 10, -8/91 (92) HPs)
             Began as a Troll Fighter on Jan 30, 2016.
             Was a Believer of Cheibriados.
             Mangled by an orc warrior
             ... wielding a +0 halberd
              (17 damage)
             ... on level 10 of the Dungeon.
             The game lasted 00:11:45 (7699 turns).

Duffy the Grappler (Troll Fighter)                  Turns: 7699, Time: 00:11:46

HP:   -8/91 (92)    AC:  8    Str: 32    XL:     10   Next: 23%
MP:   9/9           EV: 13    Int: 10    God:    Cheibriados [**....]
Gold: 439           SH:  0    Dex: 15    Spells: 0 memorised, 9 levels left

rFire  + . .     SeeInvis .       - Unarmed
rCold  . . .     Gourm    +     C - +1 robe {rF+}
rNeg   + . .     Faith    .     (no shield)
rPois  .         Spirit   .     K - +2 hat
rElec  .         Dismiss  .     (no cloak)
rCorr  .         Reflect  .     (gloves unavailable)
SustAt .         Harm     .     (boots unavailable)
MR     .....                    (no amulet)
Stlth  +.........               R - ring of positive energy
                                L - +2 ring of evasion

@: lethally poisoned (-8 -> -9), very slow, not resistant to hostile
enchantments, very unstealthy
A: unfitting armour, claws 3, fast metabolism 3, gourmand, regeneration 2,
shaggy fur 1, tough skin 2
a: Bend Time, Renounce Religion


You were on level 10 of the Dungeon.
You worshipped Cheibriados.
Cheibriados was pleased with you.
You were very full.

You visited 2 branches of the dungeon, and saw 11 of its levels.
You also visited: Ossuary and Bailey.

You collected 439 gold pieces.


Innate Abilities, Weirdness & Mutations

You are too large for most types of armour.
You have claws for hands.
Your metabolism is lightning-fast.
You like to eat raw meat.
You heal very quickly.
You are covered in fur (AC +1).
You have very tough skin (AC +2).


   Skills:
 + Level 3.6 Fighting
 + Level 3.6 Dodging
 - Level 2.4 Shields
 - Level 13.8 Unarmed Combat


You had 9 spell levels left.
You didn't know any spells.

Inventory:

Missiles
 h - 13 poisoned needles
 n - 3 large rocks (quivered)
 y - 7 throwing nets
 A - 14 tomahawks
Armour
 b - a +0 shield
 C - a +1 robe of fire resistance (worn)
 K - a +2 hat (worn)
Jewellery
 E - an uncursed ring of ice
 J - an uncursed ring of stealth
 L - a +2 ring of evasion (left claw)
 R - a ring of positive energy (right claw)
Wands
 v - a wand of slowing (13/48)
 F - a wand of digging (24/24)
 M - a wand of polymorph (13/24)
Scrolls
 i - a scroll of amnesia
 j - 3 scrolls of fear
 k - a scroll of blinking
 o - 2 scrolls of enchant armour
 q - 4 scrolls of teleportation
 u - 2 scrolls of remove curse
Potions
 c - 2 potions of might
 e - 4 potions of brilliance
 f - 4 potions of flight
 g - 2 potions of cure mutation {unknown}
 l - 6 potions of heal wounds
 r - a potion of lignification
 t - a potion of invisibility {unknown}
 D - a potion of curing {unknown}
 G - a potion of agility
 P - a potion of ambrosia
Books
 H - a book of Unlife
 I - a book of Air
 Q - a book of Conjurations
Comestibles
 a - a slice of pizza
 d - 4 bread rations
 B - a beef jerky
 N - 3 meat rations

Dungeon Overview and Level Annotations

Branches:
Dungeon (10/15)            Temple (1/1) D:6             Orc (0/2) D:9
   Lair: D:8-11

Altars:
Ashenzari
Cheibriados
Dithmenos
Elyvilon
Fedhas
Gozag
Kikubaaqudgha
Makhleb
Nemelex Xobeh
Okawaru
Pakellas
Qazlal
Ru
Sif Muna
Trog
Vehumet
Xom
Yredelemnul
Zin
The Shining One


Message History

You are too injured to fight recklessly!
You are too injured to fight recklessly!
You are too injured to fight recklessly!
You are too injured to fight recklessly!
You are too injured to fight recklessly!
You are too injured to fight recklessly!
You are too injured to fight recklessly!
You are too injured to fight recklessly!
You are too injured to fight recklessly!
You are too injured to fight recklessly!
You are too injured to fight recklessly!
You are too injured to fight recklessly!
You are too injured to fight recklessly!
You are too injured to fight recklessly!
You are too injured to fight recklessly!
You are too injured to fight recklessly!
You mangle the jackal!!
You kill the jackal!
Cheibriados appreciates the change of pace.
The killer bee barely misses you.
The killer bee stings you but does no damage.
The killer bee stings you. The orc priest barely misses you.
The killer bee misses you. The killer bee closely misses you.
The killer bee barely misses you.
The jackal bites you but does no damage.
A hill giant comes into view. It is wielding a giant spiked club.
You miss the killer bee. You claw the killer bee!
The killer bee is severely wounded.
The killer bee stings you!
You are more poisoned.
The killer bee poisons you!
The killer bee stings you but does no damage.
The killer bee completely misses you. The killer bee barely misses you.
The orc warrior hits you from afar with a halberd!
You die...

.. .. ## #..#.
.# .#..#.##.###
...........#
...........#
...........##
............##
......o<....?#
......y@y....#
.....yhyyo.....
....Z..hyoo?.##
....o..O.....#
....oo.......#
...............
...............
..........C....


You could see a hill giant, a two-headed ogre, an orc warrior, 6 killer bees, 2
orc priests, 4 orcs, 2 jackals and a centaur skeleton.

Action                   |  1- 3 |  4- 6 |  7- 9 | 10-12 || total
-------------------------+-------+-------+-------+-------++-------
Melee: Unarmed           |    85 |   107 |   381 |    72 ||   645
Throw: Large rock        |       |     1 |       |       ||     1
  Use: Scroll            |       |       |     8 |    13 ||    21
 Stab: Sleeping          |       |     1 |       |     2 ||     3
       Distracted        |       |       |       |     1 ||     1
  Eat: Chunk             |    13 |     8 |    50 |     3 ||    74
       Bread ration      |       |     1 |       |       ||     1

Notes
Turn   | Place    | Note
--------------------------------------------------------------
     0 | D:1      | Duffy the Troll Fighter began the quest for the Orb.
     0 | D:1      | Reached XP level 1. HP: 22/22 MP: 0/0
   314 | D:1      | Reached XP level 2. HP: 15/29 MP: 1/1
   469 | D:1      | Reached skill level 3 in Unarmed Combat
   915 | D:2      | Reached XP level 3. HP: 28/36 MP: 2/2
  1113 | D:2      | Found a burning altar of Makhleb.
  1116 | D:2      | Reached skill level 4 in Unarmed Combat
  1155 | D:2      | Reached XP level 4. HP: 44/44 MP: 3/3
  1841 | D:3      | Noticed tasslehoff34's ghost (amateur DsCK)
  1874 | D:3      | Killed tasslehoff34's ghost
  1874 | D:3      | Reached skill level 5 in Unarmed Combat
  1874 | D:3      | Reached XP level 5. HP: 37/50 MP: 4/4
  2019 | D:3      | Found a white marble altar of Elyvilon.
  2024 | D:3      | Noticed Ijyb
  2043 | D:3      | Killed Ijyb
  2160 | D:3      | Noticed Jessica
  2166 | D:3      | Killed Jessica
  2166 | D:3      | Reached skill level 6 in Unarmed Combat
  2185 | D:3      | Found a stormy altar of Qazlal.
  2319 | D:3      | Noticed Grinder
  2341 | D:3      | Killed Grinder
  2341 | D:3      | Reached skill level 7 in Unarmed Combat
  2341 | D:3      | Reached XP level 6. HP: 29/59 MP: 5/5
  2756 | D:5      | Entered Level 5 of the Dungeon
  2785 | D:4      | Found a sand-covered staircase.
  2917 | D:4      | Reached XP level 7. HP: 66/66 MP: 6/6
  2961 | Ossuary  | Entered an ossuary
  3048 | Ossuary  | Reached skill level 8 in Unarmed Combat
  3498 | D:4      | Found an oddly glowing altar of Pakellas.
  3686 | D:4      | Reached skill level 9 in Unarmed Combat
  3720 | D:4      | Noticed YrmMerkstave's ghost (amateur DDNe)
  3725 | D:4      | Noticed Blork the orc
  3796 | D:4      | Killed YrmMerkstave's ghost
  3796 | D:4      | Reached XP level 8. HP: 63/74 MP: 7/7
  3866 | D:4      | Found a glowing golden altar of the Shining One.
  3877 | D:4      | Killed Blork the orc
  3883 | D:4      | Reached skill level 10 in Unarmed Combat
  4215 | D:5      | Found a burning altar of Makhleb.
  4226 | D:5      | Found a shimmering altar of Xom.
  4228 | D:5      | Found a basalt altar of Yredelemnul.
  4231 | D:5      | Found a radiant altar of Vehumet.
  4359 | D:6      | Reached skill level 11 in Unarmed Combat
  4431 | D:6      | Found an opulent altar of Gozag.
  4540 | D:6      | Found a staircase to the Ecumenical Temple.
  4552 | Temple   | Entered the Ecumenical Temple
  5196 | D:6      | Found a sacrificial altar of Ru.
  5537 | D:5      | Reached XP level 9. HP: 79/79 MP: 8/8
  5766 | D:7      | Reached skill level 12 in Unarmed Combat
  6282 | D:8      | Found an ancient bone altar of Kikubaaqudgha.
  6282 | D:8      | Found a snail-covered altar of Cheibriados.
  6286 | D:8      | Became a worshipper of Cheibriados the Contemplative
  6310 | D:8      | Reached skill level 13 in Unarmed Combat
  6391 | D:8      | Found a flagged portal.
  6397 | Bailey   | Entered a bailey
  6520 | D:8      | Found a glowing silver altar of Zin.
  6638 | D:8      | Reached * piety under Cheibriados
  6957 | D:9      | Reached XP level 10. HP: 70/87 MP: 9/9
  7005 | D:9      | Found a shattered altar of Ashenzari.
  7063 | D:9      | Reached skill level 3 in Dodging
  7067 | D:9      | Reached skill level 3 in Fighting
  7102 | D:9      | Found a sparkling altar of Nemelex Xobeh.
  7180 | D:9      | Reached ** piety under Cheibriados
  7435 | D:9      | Found a staircase to the Orcish Mines.
  7687 | D:10     | Entered Level 10 of the Dungeon
  7699 | D:10     | Noticed a hill giant
  7699 | D:10     | Mangled by an orc warrior

Vault maps used:
D:1:      minmay_arrival_hallway
D:2:      makhleb_heckhound_becter
D:3:      lemuel_coloured_pillars_altar, nicolae_overflow_hidden_temple,
          first_bread, uniq_iyjb, uniq_jessica, uniq_grinder
D:4:      kennysheep_mini, nicolae_ossuary_entry_ruins,
          nicolae_tso_besieged_by_evil, uniq_blork_the_orc
D:5:      lemuel_castle_with_subvaults, minitemple
D:6:      kennysheep_mini_moat, nicolae_gozag_seed_capital,
          minmay_temple_entry_junction2
D:8:      lemuel_crystal_altar, gammafunk_temple_overflow_elements,
          enter_bailey_2
D:9:      old_standard_altar, lemuel_round_altar, orc_0_dummy
D:10:     special_room, grunt_livestock, dk_noncrumbling_4, minivault_7
Temple:   hc_temple_tempest_star_small
Ossuary:  ossuary_the_hunt_dpeg
Bailey:   bailey_polearm_2, bailey

Vanquished Creatures
  Grinder
  A wyvern
  A hungry ghost
  The ghost of YrmMerkstave the Tormented, an amateur DDNe of Kikubaaqudgha
  A hippogriff
  A black bear
  2 orc warriors
  2 sky beasts
  An ice beast
  3 phantoms
  An eye of draining
  A necrophage
  The ghost of tasslehoff34 the Skirmisher, an amateur DsCK of Xom
  6 centaurs
  A big kobold Blork the orc
  3 giant frogs
  A wyvern zombie
  A water moccasin zombie
  3 scorpions
  5 wights
  2 centaur zombies
  A crimson imp
  A giant frog zombie
  4 jellies
  7 orc priests
  6 hounds
  8 orc wizards
  2 centaur skeletons Jessica
  A giant frog skeleton
  4 iguanas Ijyb
  7 worker ants
  5 big kobold zombies
  A hound zombie
  4 mummies
  A worker ant zombie
  A gnoll
  12 adders
  3 shadow imps
  An ooze
  An adder zombie
  3 worms
  9 giant geckos
  24 orcs
  3 ball pythons
  2 giant cockroaches
  5 goblins
  8 hobgoblins
  9 jackals
  2 quokkas
  7 bats
  7 giant newts
  A goblin skeleton
  A goblin zombie
  6 hobgoblin zombies
  7 kobolds
  An orc zombie
  A quokka skeleton
  4 rats
212 creatures vanquished.
